AoeStats
← feizda

Arabian Desert

509555888Analyzed
1v1 RM · 5d ago on Sep 27, 2026· 58m 11s· 2 players
Game mode
Random Map
Map size
Tiny (2 player)
Population
200
Speed
Normal
Resources
Standard
Victory
Conquest
Starting age
Dark Age
Ending age
Imperial Age
RankedLock teamsTeams togetherTeam positionsShared explorationLock speedFull tech treeHidden civsTurbo modeCheats
Victory
Defeat
🇨🇳 Portuguese · China
1250
+14
🇨🇦 Varangians · Canada
1212
-14
Gengis Krahn
9:16 Feudal Age
10:05 Double-Bit Axe
11:03 Loom
15:52 Bloodlines
23:00 Castle Age
21:49 Horse Collar
22:19 Fletching
22:30 Padded Archer Armor
23:44 Bodkin Arrow
24:05 Leather Archer Armor
24:11 Bow Saw
24:23 Gold Mining
27:30 Wheelbarrow
27:14 Leather Archer Armor
27:33 Ballistics
27:32 Husbandry
32:32 Scale Barding Armor
32:39 Forging
33:43 Chain Barding Armor
37:49 Heavy Plow
38:10 Devotion
38:39 Stone Mining
39:38 Iron Casting
40:19 Scale Mail Armor
40:25 Squires
41:11 Stone Mining
42:51 Wheelbarrow
43:56 Chain Mail Armor
47:14 Gambesons
51:21 Imperial Age
50:34 Pikeman
51:30 Halberdier
feizda
6:18 Loom
9:08 Feudal Age
9:42 Double-Bit Axe
16:55 Wheelbarrow
23:18 Castle Age
23:22 Town Watch
24:18 Bow Saw
24:10 Gold Mining
25:15 Scale Barding Armor
25:22 Bloodlines
26:14 Husbandry
26:37 Fletching
26:47 Padded Archer Armor
26:21 Elite Skirmisher
28:23 Padded Archer Armor
30:50 Bodkin Arrow
32:16 Leather Archer Armor
35:01 Sanctity
38:11 Chain Barding Armor
46:07 Forging
48:11 Iron Casting
51:50 Imperial Age
51:54 Cavalier
53:12 Plate Barding Armor
53:38 Blast Furnace
54:14 Crossbowman
55:00 Thumb Ring
54:56 Bracer
55:26 Ring Archer Armor
54:35 Light Cavalry
54:52 Arbalester
59:04 Chemistry
58:24 Ballistics
Connection lost

Rejoining the realm…

Still unreachable

The connection could not be restored.

Session expired

The server has moved on; the page needs a fresh start.